 Dungeon Crawl Stone Soup version 0.14-a0-2162-g062a2ce (webtiles) character file.

742 Egon the Skirmisher (level 7, 60/62 HPs)
             Began as a Black Draconian Berserker on Jan 29, 2014.
             Was an Elder of Trog.
             Quit the game on Level 5 of the Dungeon.
             The game lasted 00:08:36 (3759 turns).

Egon the Skirmisher (Black Draconian Berserker)     Turns: 3759, Time: 00:08:36

HP  60/62        AC  9     Str 19      XL: 7   Next: 16%
MP   7/7         EV 14     Int  8      God: Trog [****..]
Gold 150         SH  0     Dex 12      Spells:  0 memorised,  6 levels left

rFire  . . .     SeeInvis .     a - +0 hand axe
rCold  . . .     Clarity  .     (armour unavailable)
rNeg   . . .     Conserve .     (no shield)
rPois  +         rCorr    .     (helmet restricted)
rElec  +         rRot     .     f - +0 cloak
SustAb . .       Spirit   .     i - +0 pair of gloves
rMut   .         Warding  .     e - +0 pair of boots
Saprov . . .     Stasis   .     (no amulet)
MR     .....                    (no ring)
                                t - ring of poison resistance

@: not resistant to hostile enchantments, unstealthy
A: breathe lightning, unfitting armour, electricity resistance, AC +6
a: Breathe Lightning, Burn Spellbooks, Berserk, Trog's Hand, Brothers in Arms,
Renounce Religion


You were on level 5 of the Dungeon.
You worshipped Trog.
Trog was greatly pleased with you.
You were not hungry.

You visited 1 branch of the dungeon, and saw 5 of its levels.

You collected 150 gold pieces.

Inventory:

Hand weapons
 a - a +0,+0 hand axe (weapon)
Armour
 e - a +0 pair of boots (worn)
 f - a +0 cloak (worn)
 i - a +0 pair of gloves (worn)
Magical devices
 v - a wand of flame (2)
Comestibles
 c - 2 bread rations
 o - a choko
 u - a meat ration
Scrolls
 d - a scroll of identify {unknown}
 j - a scroll of curse jewellery {unknown}
 k - a scroll of enchant weapon I {unknown}
 l - a scroll of teleportation {unknown}
 m - 3 scrolls of remove curse {unknown}
 p - 2 scrolls of random uselessness {unknown}
 r - a scroll of fog {unknown}
Jewellery
 t - a ring of poison resistance (left hand)
Potions
 b - a potion of might {unknown}
 g - a potion of paralysis {unknown}
 h - a potion of degeneration {unknown}
 n - 2 potions of heal wounds {unknown}
 q - a potion of poison {unknown}
 s - a potion of curing {unknown}


   Skills:
 + Level 5.7 Fighting
 + Level 5.2 Axes
 + Level 5.0 Dodging


You had 6 spell levels left.
You didn't know any spells.

Dungeon Overview and Level Annotations

Branches:
Dungeon (5/16)             Temple (0/1) D:4

Altars:
Okawaru
Trog


Innate Abilities, Weirdness & Mutations

You can breathe wild blasts of lightning.
Your glossy black scales are hard (AC +6).
Your body does not fit into most forms of armour.
Your cold-blooded metabolism reacts poorly to cold.
You are resistant to electric shocks.


Message History

The ice beast is severely wounded.
Evoke which item? (* to show all) (? for menu, Esc to quit)
Zapping:
v - a wand of flame {zapped: 5}
Press: ? - help, Shift-Dir - straight line, f/p - ice beast
Aim: an ice beast (severely wounded)
The puff of flame hits the ice beast.
The ice beast melts!
The ice beast is almost dead.
The ice beast misses you.
Evoke which item? (* to show all) (? for menu, Esc to quit)
Zapping:
v - a wand of flame {zapped: 6}
Press: ? - help, Shift-Dir - straight line, f/p - ice beast
Aim: an ice beast (almost dead)
The puff of flame hits the ice beast.
You kill the ice beast!
Trog accepts your kill.
Your Dodging skill increases to level 5!
You have reached level 7!
Your scales start taking on a glossy black colour.
You feel insulated.
Are you sure you want to abandon this character and quit the game? (Confirm with "yes".)

#.............
#.............
#.............
#.............
##.............
#########..............
#......................
##.....................
#.....@................
.........................
........................
........................
........................
.......................
......................
....#................
###...............


There were no monsters in sight!

Vanquished Creatures
  An ogre (D:4)
  An ice beast (D:5)
  An orc priest (D:3)
  2 orc wizards (D:3)
  2 scorpions
  2 worker ants
  4 gnolls (D:3)
  10 adders
  3 worms
  2 giant geckos (D:1)
  2 oozes
  7 orcs
  A ball python (D:1)
  3 giant cockroaches
  7 goblins
  9 hobgoblins
  2 jackals (D:1)
  5 quokkas
  13 bats
  3 giant newts
  A goblin zombie (D:3)
  A hobgoblin skeleton (D:4)
  9 kobolds
  13 rats
104 creatures vanquished.

Notes
Turn   | Place    | Note
--------------------------------------------------------------
     0 | D:1      | Egon, the Draconian Berserker, began the quest for the Orb.
     0 | D:1      | Reached XP level 1. HP: 19/19 MP: 1/1
   224 | D:1      | Reached XP level 2. HP: 21/26 MP: 2/2
  1177 | D:2      | Acquired Trog's second power
  1234 | D:2      | Reached XP level 3. HP: 23/31 MP: 3/3
  1251 | D:2      | Found a bloodstained altar of Trog.
  2072 | D:2      | Reached XP level 4. HP: 38/40 MP: 4/4
  2250 | D:2      | Reached skill level 4 in Fighting
  2473 | D:3      | Reached XP level 5. HP: 47/47 MP: 5/5
  2917 | D:3      | Reached skill level 5 in Fighting
  2917 | D:3      | Reached XP level 6. HP: 56/56 MP: 6/6
  3316 | D:4      | Acquired Trog's third power
  3393 | D:4      | Found a staircase to the Ecumenical Temple.
  3468 | D:4      | Reached skill level 5 in Axes
  3636 | D:5      | Entered Level 5 of the Dungeon
  3638 | D:5      | Found an iron altar of Okawaru.
  3758 | D:5      | Reached skill level 5 in Dodging
  3758 | D:5      | Your scales start taking on a glossy black colour.
  3758 | D:5      | Gained mutation: You are resistant to electric shocks. [draconian maturity]
  3758 | D:5      | Reached XP level 7. HP: 60/62 MP: 7/7
  3759 | D:5      | Quit the game

Action                   |  1- 3 |  4- 6 |  7- 9 || total
-------------------------+-------+-------+-------++-------
Melee: Hand axe          |   138 |   251 |       ||   389
Invok: Berserk           |       |     4 |       ||     4
       Trog's Hand       |       |     1 |       ||     1
       Burn Spellbooks   |       |     1 |       ||     1
Evoke: Wand              |       |     6 |     1 ||     7
